 Dungeon Crawl Stone Soup version 0.25-a0-890-g62861fb195 (webtiles) character file.

Game seed: 4611609478358415094, levelgen mode: classic

1436 Amnesiac the Frost Mage (level 8, 0/41 HPs)
             Began as a Deep Elf Ice Elementalist on May 2, 2020.
             Killed by divine providence
             ... invoked by an orc priest
              (13 damage)
             ... on level 5 of the Dungeon.
             The game lasted 00:11:29 (4998 turns).

Amnesiac the Frost Mage (Deep Elf Ice Elementalist) Turns: 4998, Time: 00:11:29

Health: 0/41       AC:  4    Str:  5    XL:     8   Next: 45%
Magic:  19/22      EV: 13    Int: 23    God:
Gold:   396        SH:  2    Dex: 15    Spells: 12/23 levels left

rFire    . . .     SeeInvis .   a - +0 hunting sling
rCold    + . .     Gourm    .   (no shield)
rNeg     . . .     Faith    .   q - +0 robe
rPois    .         Spirit   .   (no helmet)
rElec    .         Reflect  +   (no cloak)
rCorr    .         Harm     .   h - +1 pair of gloves
MR       .....     Rnd*Tele +   (no boots)
Stlth    ++........             r - +2 amulet of reflection
HPRegen  0.13/turn              y - ring of teleportation (curse)
MPRegen  0.18/turn              B - ring of protection from cold

@: frozen ramparts
A: no striking features
a: no special abilities


You were on level 5 of the Dungeon.
You were not hungry.

You visited 2 branches of the dungeon, and saw 6 of its levels.
You also visited: Sewer.

You collected 396 gold pieces.

Inventory:

Hand Weapons
 a - a +0 hunting sling (weapon)
 b - a +1 dagger of electrocution
 z - a +0 long sword
Missiles
 d - a stone (quivered)
 k - 22 poisoned darts
 o - 27 sling bullets
Armour
 h - a +1 pair of gloves (worn)
 q - a +0 robe (worn)
Jewellery
 j - an uncursed ring of fire
 r - a +2 amulet of reflection (around neck)
 y - a cursed ring of teleportation (left hand)
 B - a ring of protection from cold (right hand)
Scrolls
 f - a scroll of noise {!r, unknown}
 g - 4 scrolls of amnesia {!r}
 l - a scroll of remove curse {!r}
 s - 3 scrolls of teleportation {!r}
 t - a scroll of enchant weapon {!r, unknown}
 A - 2 scrolls of fear {!r, unknown}
Potions
 e - a potion of invisibility {!q, unknown}
 i - a potion of resistance {!q, unknown}
 m - 2 potions of lignification {!q, unknown}
 n - 3 potions of brilliance {!q, unknown}
 p - 2 potions of curing {!q}
 u - 3 potions of flight {!q, unknown}
 v - a potion of heal wounds {!q, unknown}
 w - a potion of ambrosia {!q, unknown}
Comestibles
 c - 9 rations
 x - 3 chunks of flesh


   Skills:
 - Level 2.4 Dodging
 - Level 2.4 Stealth
 + Level 8.4 Spellcasting
 * Level 10.3 Ice Magic


You had 12 spell levels left.
You knew the following spells:

 Your Spells              Type           Power        Failure   Level  Hunger
a - Freeze                Ice            ####         1%          1    None
b - Frozen Ramparts       Ice            ######       1%          3    None
c - Summon Ice Beast      Ice/Summ       ####....     8%          4    ##.....
z - Ozocubu's Armour      Chrm/Ice       ####....     2%          3    None

Your spell library contained the following spells:

 Spells                   Type           Power        Failure   Level  Hunger
 Hailstorm                Conj/Ice       ####....     8%          4    ##.....


Dungeon Overview and Level Annotations

Branches:
Dungeon (5/15)             Temple (1/1) D:4           Sewer (visited)

Altars:
Ashenzari
Cheibriados
Elyvilon
Fedhas
Gozag
Hepliaklqana
Kikubaaqudgha
Makhleb
Nemelex Xobeh
Okawaru
Qazlal
Sif Muna
Trog
Uskayaw
Wu Jian
Xom
Yredelemnul
Zin
The Shining One


Message History

You kill the orc!
The orc throws a boomerang.
The boomerang barely misses you.
You hear a shout!
Firing (i - inventory. (/) - cycle)
d - 7 stones (quivered)
Press: ? - help, Shift-Dir - straight line, f/p - orc priest
Aim: an orc priest, wielding a +0 whip (severely wounded)
You shoot a stone.
The stone closely misses the orc priest.
The wall freezes the centaur.
The wall freezes the orc priest!
You kill the orc priest!
The wall freezes the centaur.
The centaur shoots an arrow.
The arrow hits you!
* * * LOW HITPOINT WARNING * * *
The orc throws a boomerang.
The boomerang hits you.
* * * LOW HITPOINT WARNING * * *
The weapon returns to the orc!
Firing (i - inventory. (/) - cycle)
d - 6 stones (quivered)
Press: ? - help, Shift-Dir - straight line, f - orc
Aim: an orc, wielding a +0 flail and wearing a +0 leather armour You shoot a stone.
The stone barely misses the orc. x2
The wall freezes the centaur!
The centaur shoots an arrow.
The arrow closely misses you.
The arrow hits the orc.
The wall freezes the orc.
The orc closely misses you.
The wall freezes the centaur.
You kill the centaur!
Firing (i - inventory. (/) - cycle)
d - 5 stones (quivered)
Press: ? - help, Shift-Dir - straight line, f/p - orc
Aim: an orc, wielding a +0 flail and wearing a +0 leather armour (heavily wounded)
You shoot a stone.
The stone hits the orc but does no damage.
The orc is heavily wounded.
The frozen ramparts melt away.
An orc priest comes into view. It is wielding a +0 flail.
The orc closely misses you.
An adder comes into view.
The orc throws a boomerang.
The boomerang closely misses you.
The weapon returns to the orc!
The orc throws a boomerang.
The boomerang hits you but does no damage.
The weapon returns to the orc!
The orc priest calls upon Beogh to heal the orc.
The orc's wounds heal themselves!
Casting: Frozen Ramparts (safe; 1% risk of failure)
Confirm with . or Enter, or press ? or * to list all spells.
The walls around you are covered in ice.
The wall freezes the orc!
You kill the orc!
Firing (i - inventory. (/) - cycle)
d - 4 stones (quivered)
Press: ? - help, Shift-Dir - straight line, f - orc
Aim: an orc, wielding a +0 flail You shoot a stone.
The stone hits the orc.
The orc is heavily wounded.
The wall freezes the orc!
You kill the orc!
Firing (i - inventory. (/) - cycle)
d - 3 stones (quivered)
Press: ? - help, Shift-Dir - straight line, f - orc
Aim: an orc, wielding a +0 mace and quivering 3 boomerangs You shoot a stone.
The stone closely misses the orc.
Firing (i - inventory. (/) - cycle)
d - 2 stones (quivered)
Press: ? - help, Shift-Dir - straight line, f/p - orc
Aim: an orc, wielding a +0 mace and quivering 3 boomerangs You shoot a stone.
The stone barely misses the orc.
The wall freezes the orc!
You kill the orc!
The orc priest invokes the aid of Beogh against you.
Beogh smites you!
You die...

.....#........................##.
.#####.#.###.)...........#.##.##.
.## #...# ####.#####.####.##....
..# ##>## #.# #.# #.####.. #.#
#.# #.# #.# #.####.. #.# #.# #.#
#.# #....... ... ..# #.#####.#
######.# #.# ### #####.......#
#.# #.# ##.....@.)#### #.# ..#
....####))# #.. ###
##.....#).##### ###
...o....o.....# .#....o#.(###.#
((..).(())# .########(# #(# #(#


You could see an orc priest.

Vanquished Creatures
  Duvessa (D:4)
  An orc warrior (D:4)
  A phantom (D:4)
  An ogre (D:4)
  A centaur (D:5)
  A bullfrog (Sewer)
  Dowan (D:4)
  2 howler monkeys
  A centaur zombie (D:5)
  3 hounds (D:4)
  A jelly (D:3)
  4 orc wizards (D:4)
  A centaur skeleton (D:4)
  5 orc priests
  2 iguanas (D:5)
  Natasha (thrice) (D:4)
  A worker ant (D:5)
  7 adders
  An ooze (D:4)
  A worm (D:3)
  A dart slug (D:5)
  11 leopard geckos
  10 orcs
  6 ball pythons
  9 bats
  13 giant cockroaches
  4 goblins
  4 hobgoblins
  10 jackals
  6 kobolds
  3 quokkas
  9 frilled lizards
  A jackal skeleton (D:4)
  2 rats
128 creatures vanquished.

Vanquished Creatures (collateral kills)
  A centaur zombie (D:3)
1 creature vanquished.

Grand Total: 129 creatures vanquished

Notes
Turn   | Place    | Note
-------+----------+-------------------------------------------
     0 | D:1      | Amnesiac the Deep Elf Ice Elementalist began the quest for
                  | the Orb.
     0 | D:1      | Reached XP level 1. HP: 10/10 MP: 6/6
   216 | D:2      | Reached XP level 2. HP: 14/15 MP: 5/8
   301 | D:3      | Found a sparkling altar of Nemelex Xobeh.
   301 | D:3      | Found a white marble altar of Elyvilon.
   349 | D:4      | Found a staircase to the Ecumenical Temple.
   358 | Temple   | Entered the Ecumenical Temple
   418 | D:3      | Reached skill level 5 in Ice Magic
   449 | D:3      | Reached XP level 3. HP: 13/19 MP: 2/10
   476 | D:3      | Learned a level 3 spell: Frozen Ramparts
   480 | D:3      | Learned a level 3 spell: Ozocubu's Armour
   567 | D:1      | You fall into a shaft and drop 1 floor!
  1896 | D:2      | Reached XP level 4. HP: 15/24 MP: 12/12
  2012 | D:3      | Reached skill level 6 in Ice Magic
  2064 | D:3      | Learned a level 4 spell: Summon Ice Beast
  2073 | D:3      | Found a snail-covered altar of Cheibriados.
  2093 | D:3      | Found a blossoming altar of Fedhas.
  2096 | D:3      | Found a stormy altar of Qazlal.
  2252 | D:3      | Reached XP level 5. HP: 28/28 MP: 7/14
  2565 | D:4      | Noticed Duvessa
  2584 | D:4      | Killed Duvessa
  2584 | D:4      | Reached skill level 5 in Spellcasting
  2584 | D:4      | Reached skill level 7 in Ice Magic
  2584 | D:4      | Reached XP level 6. HP: 25/32 MP: 11/16
  2595 | D:4      | Noticed Dowan
  2803 | D:4      | Killed Dowan
  2818 | D:4      | Found a snail-covered altar of Cheibriados.
  2819 | D:4      | Found a bloodstained altar of Trog.
  2821 | D:4      | Found an opulent altar of Gozag.
  2822 | D:4      | Found an ancient bone altar of Kikubaaqudgha.
  2827 | D:4      | Noticed Natasha
  2911 | D:4      | Killed Natasha
  2980 | D:4      | Found an ornate altar of the Wu Jian Council.
  3115 | D:4      | Noticed Natasha
  3131 | D:4      | Killed Natasha
  3223 | D:4      | Reached skill level 8 in Ice Magic
  3375 | D:4      | Reached XP level 7. HP: 36/36 MP: 18/18
  3395 | D:4      | Noticed Natasha
  3402 | D:4      | Killed Natasha
  3519 | D:4      | Found a hide-covered altar of Uskayaw.
  3805 | D:4      | Reached skill level 9 in Ice Magic
  3932 | D:5      | Entered Level 5 of the Dungeon
  3945 | D:5      | Reached XP level 8. HP: 34/41 MP: 18/21
  4243 | D:5      | Found a glowing drain.
  4257 | Sewer    | Entered a sewer
  4956 | D:5      | Reached skill level 10 in Ice Magic
  4998 | D:5      | Killed from afar by an orc priest

Levels and vault maps discovered:
D:1:      psy_arrival_basics, layout_basic, minmay_misc_feat_iff
D:2:      wad_crossroads, layout_rooms, minmay_misc_feat_roman
D:3:      layout_basic, grunt_temple_overflow_forces_of_nature,
          chequers_temple_overflow_statue_of_worship, kennysheep_flooded_box
D:4:      minmay_chambers_of_fours, layout_cave_pods, kennysheep_mini,
          grunt_temple_overflow_open, kennysheep_mini_moat,
          minmay_temple_entry_sparse_star, first_ration, uniq_duvessa,
          uniq_natasha
D:5:      layout_loops_cross, portal_sewer_entry_d
Temple:   jpeg_temple_island

Skill      XL: |  1  2  3  4  5  6  7  8 |
---------------+-------------------------+-----
Ice Magic      | 5 6 7 8 9 10 | 10.3
Spellcasting   | 4 5 6 7 8 |  8.4
Dodging        | |  2.4
Stealth        | |  2.4

Action                   |  1- 3 |  4- 6 |  7- 9 || total
-------------------------+-------+-------+-------++-------
Melee: Unarmed           |     3 |       |       ||     3
       Short sword       |     7 |       |       ||     7
 Fire: Hunting sling     |    57 |    66 |   182 ||   305
 Cast: Freeze            |    35 |    18 |     8 ||    61
       Frozen Ramparts   |       |    14 |    19 ||    33
       Ozocubu's Armour  |       |     3 |     1 ||     4
       Summon Ice Beast  |       |     1 |     1 ||     2
  Use: Scroll            |     5 |       |       ||     5
 Stab: Sleeping          |     2 |       |       ||     2
  Eat: Chunk             |     3 |     5 |     6 ||    14
Armor: Robe              |    12 |     7 |    17 ||    36
Dodge: Dodged            |    32 |    43 |    36 ||   111

Table legend:
 A = Non-vault XP
 B = Vault XP
 C = Vault XP percentage of total XP
 D = Non-vault monster count
 E = Vault monster count
 F = Vault count percentage of total count
                 A         B        C        D         E       F
            +---------+---------+-------+---------+---------+-------
      Total |    1168 |     884 |  43.1 |      96 |      33 |  25.6
            +---------+---------+-------+---------+---------+-------
        D:1 |      12 |       0 |   0.0 |       9 |       0 |   0.0
        D:2 |      41 |       5 |  10.9 |      21 |       4 |  16.0
        D:3 |     140 |       0 |   0.0 |      23 |       0 |   0.0
        D:4 |     487 |     722 |  59.7 |      24 |       9 |  27.3
        D:5 |     488 |      14 |   2.8 |      19 |       1 |   5.0
      Sewer |       0 |     143 | 100.0 |       0 |      19 | 100.0
            +---------+---------+-------+---------+---------+-------
